 Dungeon Crawl Stone Soup version 0.30-a0-374-g95c0257040 (webtiles) character file.

Game seed: 10334015169757665134

4 Ottie3000 the Stinger (level 1, -5/14 HPs)
             Began as a Draconian Venom Mage on Nov 27, 2022.
             Slain by a worm (10 damage)
             ... on level 2 of the Dungeon.
             The game lasted 00:04:32 (189 turns).

Ottie3000 the Stinger (Draconian Venom Mage)         Turns: 189, Time: 00:04:36

Health: -5/14      AC:  4    Str: 10    XL:     1   Next: 50%
Magic:  1/3        EV: 12    Int: 15    God:
Gold:   19         SH:  0    Dex: 11    Spells: 3/4 levels left

rFire   . . .      SeeInvis .    c - +0 whip
rCold   . . .      Faith    .    (no shield)
rNeg    . . .      Spirit   .    (body armour unavailable)
rPois   .          Reflect  .    (helmet restricted)
rElec   .          Harm     .    e - scarf {+Inv}
rCorr   .          Rampage  .    (no gloves)
Will    .....                    (no boots)
Stlth   ++........               (no amulet)
HPRegen 0.22/turn                (no ring)
MPRegen 0.08/turn                (no ring)

@: no status effects
A: AC +4, unfitting armour, cold-blooded
a: Evoke Invisibility


You were on level 2 of the Dungeon.
You visited 1 branch of the dungeon, and saw 2 of its levels.

You collected 19 gold pieces.

Inventory:

Hand Weapons
 c - a +0 whip (weapon)
Missiles
 d - 3 stones
Armour
 e - a scarf of invisibility (worn)
Potions
 a - 2 potions of magic
 b - a potion of ambrosia {unknown}


   Skills:
 + Level 1.7 Dodging
 + Level 1.7 Stealth
 + Level 2.2 Spellcasting
 + Level 1.0 Transmutations
 + Level 3.1 Poison Magic


You had 3 spell levels left.
You knew the following spells:

 Your Spells              Type           Power      Damage    Failure   Level
a - Sting                 Tmut/Pois      28%        1d4       10%         1

Your spell library contained the following spells:

 Spells                   Type           Power      Damage    Failure   Level
 Poisonous Vapours        Pois/Air       12%        N/A       17%         2
 Mephitic Cloud           Conj/Pois/Air  4%         N/A       38%         3
 Olgreb's Toxic Radiance  Pois           10%        N/A       52%         4


Dungeon Overview and Level Annotations

Branches:
Dungeon (1/15)

Altars:


Innate Abilities, Weirdness & Mutations

Your plain brown scales are hard. (AC +4)
You cannot fit into any form of body armour.
You are cold-blooded and may be slowed by cold attacks.


Message History

You hit the rat but do no damage.
Your tail-slap misses the rat.
The rat bites you but does no damage.
You closely miss the rat. The rat bites you but does no damage.
The worm closely misses you.
You closely miss the rat. The rat closely misses you.
You closely miss the rat. The rat bites you but does no damage.
The worm closely misses you. The rat bites you.
The rat bites you but does no damage.
You hit the rat.
You kill the rat!
You hit the worm.
The worm is lightly wounded.
The worm barely misses you.
You barely miss the worm.
The worm is lightly wounded.
You hit the worm but do no damage. You tail-slap the worm.
The worm is moderately wounded.
The worm bites you!
Ouch! That really hurt!
You hit the worm.
The worm is heavily wounded.
The worm bites you.
* * * LOW HITPOINT WARNING * * *
Casting: Sting (safe; 10% risk of failure)
Confirm with . or Enter, or press ? or * to list all spells.
Aiming: Sting (safe; 10% risk of failure)
Press: ? - help, Shift-Dir - straight line, f - worm
Aim: a worm (moderately wounded, 89% to hit)
The sting hits the worm.
The worm is poisoned.
The worm is heavily wounded.
Casting: Sting (safe; 10% risk of failure)
Confirm with . or Enter, or press ? or * to list all spells.
Aiming: Sting (safe; 10% risk of failure)
Press: ? - help, Shift-Dir - straight line, f/p - worm
Aim: a worm (severely wounded, poisoned, 89% to hit)
The sting hits the worm.
The worm looks even sicker.
The worm is severely wounded.
The worm bites you!
Ouch! That really hurt!
You die...

##.........# #..........#
###..........#
#####.............###
#..... #............
##....# #.........#
.###.....####.........#
...............@w.)...###
#..#...#.................
#..#.........#...#.#...#.
#..#...#.)....#.#...#.#..
#.##...#...#...#.....#...
#>##...#....#..#.....# .#
##.######.#...###.....# .
#..........#..# #...#..
#...........### #.#...


You could see a worm (very poisoned).

Vanquished Creatures
  A goblin (D:2)
  A ball python (D:2)
  2 kobolds (D:2)
  A rat (D:2)
5 creatures vanquished.

Notes
Turn   | Place    | Note
-------+----------+-------------------------------------------
     0 | D:1      | Ottie3000 the Draconian Venom Mage began the quest for the
                  | Orb.
     0 | D:1      | Reached XP level 1. HP: 14/14 MP: 3/3
    20 | D:1      | You fall into a shaft and drop 1 floor!
   189 | D:2      | Slain by a worm

Illustrated notes

Levels and vault maps discovered:
D:1:      mushboom_english_gardens, layout_loops_ring, st_stairs_8,
          hangedman_feature_mirror
D:2:      layout_basic, serial_glass, glass_columns_b, glass_columns_a,
          glass_columns_a, minmay_misc_feat_hallway, minmay_splitting_lines,
          minivault_24, kennysheep_cluttered_room, kennysheep_potato

Action                   || total
-------------------------++-------
Melee: Whip              ||    20
       Tailslap          ||     2
 Cast: Sting             ||     6
Armor: Skin              ||     9
Dodge: Dodged            ||    19

Table legend: (Time is in decaauts)
 A = Elapsed time spent in this place.
 B = Non-inter-level travel time spent in this place.
 C = Inter-level travel time spent in this place.
 D = Time resting spent in this place.
 E = Time spent auto-exploring this place.
 F = Levels seen in this place.
 G = Mean time per level.
                   A        B        C        D        E       F      G
               +--------+--------+--------+--------+--------+-----+--------+
         Total |    190 |    190 |      0 |     50 |      0 |   2 |   95.0 |
       Dungeon |    190 |    190 |      0 |     50 |      0 |   2 |   95.0 |
               +--------+--------+--------+--------+--------+-----+--------+

Top non-repeatable levels by time:
     D:2: 170 daAuts
     D:1: 20 daAuts
